AoeStats
← THL

Nomad

508345880Analyzed
4v4 RM · 10d ago on Sep 22, 2026· 22m 17s· 8 players
Game mode
Random Map
Map size
231×231
Population
200
Speed
Normal
Resources
Standard
Victory
Conquest
Starting age
Dark Age
Ending age
Imperial Age
RankedLock teamsTeams togetherTeam positionsShared explorationLock speedFull tech treeHidden civsTurbo modeCheats
Victory
Defeat
🇦🇷 Lithuanians · Argentina
1453
+17
🇦🇷 Bengalis · Argentina
1446
+18
🇦🇷 Spanish · Argentina
1441
+18
🇦🇷 Berbers · Argentina
1409
+19
🇻🇳 Spanish · Vietnam
1578
-22
🇨🇳 Vietnamese · China
1556
-21
🇰🇷 Inca · South Korea
1454
-17
🇨🇴 Italians · Colombia
1344
-12
enzoyin68
13:50 Feudal Age
14:58 Stone Mining
15:07 Loom
17:36 Castle Age
15:35 Fishing Lines
16:44 Gold Mining
17:33 Double-Bit Axe
19:14 Bow Saw
19:04 Fletching
jetty8282-한국인
3:37 Loom
13:25 Feudal Age
17:11 Castle Age
15:30 Double-Bit Axe
15:39 Horse Collar
17:06 Gold Mining
18:16 Bow Saw
18:10 Fletching
ShikamaruNara
4:42 Loom
11:47 Feudal Age
17:21 Fletching
19:33 Castle Age
18:26 Double-Bit Axe
20:16 Bodkin Arrow
20:22 Padded Archer Armor
24:54 Imperial Age
THL
3:47 Loom
13:22 Feudal Age
17:01 Castle Age
15:51 Double-Bit Axe
Elian
6:36 Loom
15:27 Feudal Age
19:42 Castle Age
19:21 Double-Bit Axe
20:58 Wheelbarrow
20:59 Medium Warships
21:35 Bow Saw
Churrikos
4:05 Loom
13:28 Feudal Age
13:57 Feudal Age
15:25 Wheelbarrow
17:46 Castle Age
15:54 Double-Bit Axe
16:36 Padded Archer Armor
17:48 Fletching
18:43 Bodkin Arrow
19:11 Bow Saw
19:50 Fishing Lines
momoferto
14:54 Feudal Age
16:25 Loom
19:34 Castle Age
20:44 Wheelbarrow
23:07 Hand Cart
Lucio Aurelio Cómodo
7:09 Loom
13:25 Feudal Age
17:26 Castle Age
15:23 Double-Bit Axe
17:37 Scale Barding Armor
17:16 Horse Collar
17:45 Town Watch
22:17 Husbandry
22:55 Heavy Plow
Connection lost

Rejoining the realm…

Still unreachable

The connection could not be restored.

Session expired

The server has moved on; the page needs a fresh start.